 Dungeon Crawl Stone Soup version 0.29.1-15-g9cfb28693d (webtiles) character file.

Game seed: 3005790010079611845

7440 hawla the Thaumaturge (level 11, -7/81 HPs)
             Began as a Meteoran Fire Elementalist on Apr 18, 2023.
             Was a Believer of Vehumet.
             Mangled by an orc warrior
             ... wielding a +0 glaive
              (18 damage)
             ... on level 9 of the Dungeon.
             The game lasted 00:25:42 (4412 turns).

hawla the Thaumaturge (Meteoran Fire Elementalist)  Turns: 4412, Time: 00:25:42

Health: -7/81      AC:  6    Str:  9    XL:     11   Next: 63%
Magic:  33/37      EV: 14    Int: 21    God:    Vehumet [**....]
Gold:   1085       SH:  0    Dex: 18    Spells: 21/34 levels left

rFire   . . .      SeeInvis .   d - staff of air
rCold   . . .      Faith    .   (no shield)
rNeg    . . .      Spirit   .   a - +2 robe
rPois   .          Reflect  .   w - +0 helmet
rElec   +          Harm     .   (no cloak)
rCorr   .          Rampage  .   (no gloves)
Will    +....                   h - +0 pair of boots
Stlth   +.........              (no amulet)
HPRegen 0.23/turn               l - ring of magical power
MPRegen 0.25/turn               (no ring)

@: lethally poisoned (-7 -> -41), slowed, glowing, studying Unarmed Combat, very
slow
A: sense surroundings 2, otherworldly, glowing, explore regen, agile 1
a: Renounce Religion


You were on level 9 of the Dungeon.
You worshipped Vehumet.
Vehumet was pleased with you.
You visited 1 branch of the dungeon, and saw 9 of its levels.

You collected 1085 gold pieces.

Inventory:

Armour
 a - a +2 robe (worn)
 h - a +0 pair of boots (worn)
 w - a +0 helmet (worn)
Magical Staves
 d - a staff of air (weapon)
 g - a staff of death
Jewellery
 l - a ring of magical power (left hand)
Wands
 b - a wand of iceblast (4)
 c - a wand of charming (4)
 i - a wand of quicksilver (1)
 m - a wand of flame (14) (quivered)
Scrolls
 e - a scroll of fog
 f - a scroll of amnesia
 q - a scroll of enchant armour
Potions
 k - 2 potions of lignification
 n - a potion of heal wounds
 o - a potion of attraction {unknown}
 p - a potion of curing {unknown}
 r - a potion of invisibility {unknown}
 t - a potion of haste {unknown}


   Skills:
 + Level 2.7 Fighting
 + Level 3.8 Staves
 + Level 4.8 Dodging
 - Level 1.4 Stealth
 + Level 12.2 Spellcasting
 + Level 8.3 Conjurations
 + Level 3.0 Necromancy
 + Level 10.5 Fire Magic
 + Level 4.3 Air Magic
 + Level 3.9 Evocations


You had 21 spell levels left.
You knew the following spells:

 Your Spells              Type           Power      Damage    Failure   Level
a - Foxfire               Conj/Fire      100%       2x1d9     1%          1
b - Scorch                Fire           100%       2d10      1%          2
c - Shock                 Conj/Air       100%       1d9       1%          1
d - Flame Wave            Conj/Fire      51%        2d13      1%          4
e - Poisonous Vapours     Pois/Air       66%        N/A       3%          2
f - Frozen Ramparts       Ice            26%        1d4       16%         3

Your spell library contained the following spells:

 Spells                   Type           Power      Damage    Failure   Level
 Magic Dart               Conj           100%       1d8       1%          1
 Searing Ray              Conj           94%        2d7       1%          2
 Conjure Flame            Conj/Fire      51%        6-21      1%          3
 Inner Flame              Hex/Fire       35%        N/A       1%          3
 Sticky Flame             Conj/Fire      51%        2d7       1%          4
 Dazzling Flash           Conj/Hex       60%        N/A       2%          3
 Ignite Poison            Fire/Tmut/Pois 27%        N/A       3%          3
 Fulminant Prism          Conj/Hex       15%        3d11      10%         4
 Agony                    Necr           25%        N/A       38%         5
 Silence                  Hex/Air        16%        N/A       50%         5


Dungeon Overview and Level Annotations

Branches:
Dungeon (9/15) Zot: 949      Lair (0/5) D:8
 Temple: D:4-7          Orc: D:9-12

Altars:
Ashenzari
Gozag
Hepliaklqana
Kikubaaqudgha
Makhleb
Okawaru
Qazlal
Uskayaw
Vehumet
Yredelemnul

Shops:
D:1 [   D:4 ?   D:5 :


Innate Abilities, Weirdness & Mutations

You passively map the area around you.
You are easily found by Zot.
You glow in the dark.
You regain HP and MP as you explore.
You are agile. (Dex +4, Str/Int -1)


Message History

The hornet stings you but does no damage.
The hornet closely misses you. The hornet barely misses you.
A wave of flame ripples out!
The flame wave engulfs the hornet.
The hornet is moderately wounded.
The flame wave engulfs the hornet!
The hornet is heavily wounded.
You feel yourself speed up.
You hear a bellow!
The hornet stings you but does no damage.
The hornet completely misses you.
An orc comes into view. It is wielding a +0 hand axe.
An orc comes into view. It is wielding a +0 club.
The hornet closely misses you. The hornet stings you.
You suddenly lose the ability to move!
The orc moves out of view.
The hornet stings you.
You are poisoned.
You feel yourself slow down. The hornet stings you.
You feel as though you will be slow longer.
The hornet stings you but does no damage.
The hornet stings you!
You are more poisoned.
You feel as though you will be slow longer.
You can move again.
You feel extremely sick. The hornet stings you.
You are more poisoned.
You shrug off the repeated paralysis!
The hornet barely misses you. The orc warrior closely misses you.
The hornet closely misses you. The hornet stings you.
You feel as though you will be slow longer.
* * * LOW HITPOINT WARNING * * *
You feel extremely sick. The hornet closely misses you. The hornet stings you!
* * * LOW HITPOINT WARNING * * *
You are more poisoned.
You feel as though you will be slow longer.
The orc hits you but does no damage.
An orc wizard comes into view. It is wielding a +0 dagger.
The orc warrior hits you from afar with a +0 glaive!!
You die...

** * ** * ,, ,,
#.?.........##.
,, ,
#.............o
, , , *
#...........o#
, , , *
#............*
, , ,
*#.........o. ,
,,, * *,
+........o#* *
, ,,
**#.....yoy#*,
⌠, , * ##@# 8
,* ,, #..# , *
* #.## + *
####.## , * **
* #..)..# + ,
,, #####)### ,
, , ,, , *
#..)).#.# ,,
#..#.###.### ,
, , # #....<..#
*** ,


You could see 2 hornets, an orc warrior, an orc wizard and 3 orcs.

Vanquished Creatures
  A hydra (D:7)
  A two-headed ogre (D:6)
  3 death yaks (D:8)
  Prince Ribbit (D:7)
  Sigmund (D:3)
  5 yaks (D:7)
  A wyvern (D:8)
  Menkaure (D:7)
  2 water moccasins (D:7)
  An ice beast (D:8)
  4 sky beasts (D:7)
  2 orc warriors
  3 black bears
  2 ogres (D:5)
  2 centaurs
  A phantom (D:5)
  4 bullfrogs
  2 scorpions
  A gnoll sergeant (D:8)
  A necrophage (D:8)
  A howler monkey (D:5)
  An electric eel (D:6)
  A jelly (D:8)
  A gnoll bouda (D:6)
  12 orc priests
  2 hounds (D:4)
  3 iguanas
  8 orc wizards
  2 hell rats (D:8)
  3 gnolls (D:6)
  10 adders
  4 river rats
  A white imp (D:7)
  2 ufetubi
  2 worms
  4 dart slugs
  41 orcs
  4 ball pythons
  4 endoplasms
  7 giant cockroaches
  2 goblins (D:4)
  4 hobgoblins
  3 jackals (D:4)
  3 quokkas
  A bat (D:1)
  A frilled lizard (D:2)
  2 kobolds (D:1)
  5 rats
173 creatures vanquished.

Vanquished Creatures (collateral kills)
  A foxfire (D:4)
1 creature vanquished.

Vanquished Creatures (others)
  An orc wizard (D:7)
  240 foxfires
  3 fungi (D:3)
  4 plants (D:4)
  5 toadstools (D:3)
  A withered plant (D:9)
254 creatures vanquished.

Grand Total: 428 creatures vanquished

Notes
Turn   | Place    | Note
-------+----------+-------------------------------------------
     0 | D:1      | hawla the Meteoran Fire Elementalist began the quest for
                  | the Orb.
     0 | D:1      | Reached XP level 1. HP: 14/14 MP: 5/5
    67 | D:1      | Got Qohis's Parchment of Arcane Weapons
    93 | D:1      | Reached XP level 2. HP: 20/20 MP: 1/6
    98 | D:1      | Learned a level 2 spell: Scorch
   171 | D:1      | Found Jeih's Armour Shop.
   343 | D:3      | Found a faded altar of an unknown god.
   371 | D:3      | Learned a level 1 spell: Shock
   384 | D:4      | Reached XP level 3. HP: 26/26 MP: 5/8
   421 | D:4      | Reached skill level 1 in Air Magic
   435 | D:4      | Reached XP level 4. HP: 32/33 MP: 3/9
   446 | D:4      | Reached skill level 1 in Evocations
   451 | D:4      | Learned a level 4 spell: Flame Wave
   515 | D:4      | Reached XP level 5. HP: 38/38 MP: 6/10
   594 | D:4      | Found Zuim's Magic Scroll Emporium.
   666 | D:4      | Reached skill level 1 in Staves
   666 | D:4      | Reached skill level 1 in Necromancy
   671 | D:4      | Identified a scroll of acquirement
   671 | D:4      | Acquired 569 gold pieces
   757 | D:3      | Noticed Sigmund
   773 | D:3      | Killed Sigmund
   774 | D:3      | Reached XP level 6. HP: 36/45 MP: 2/11
   919 | D:4      | Reached XP level 7. HP: 50/50 MP: 5/12
   977 | D:4      | Found a hazy altar of Hepliaklqana.
  1338 | D:4      | Found a hide-covered altar of Uskayaw.
  1350 | D:4      | Reached skill level 3 in Spellcasting
  1393 | D:5      | Entered Level 5 of the Dungeon
  1393 | D:5      | Found a basalt altar of Yredelemnul.
  1516 | D:5      | Found a radiant altar of Vehumet.
  1516 | D:5      | Found an ancient bone altar of Kikubaaqudgha.
  1544 | D:5      | Reached XP level 8. HP: 19/57 MP: 13/14
  1581 | D:5      | Reached skill level 4 in Spellcasting
  1599 | D:5      | Reached skill level 5 in Fire Magic
  1611 | D:5      | Reached skill level 5 in Conjurations
  1779 | D:5      | Found a broken altar of Ashenzari.
  1853 | D:5      | Reached skill level 5 in Spellcasting
  1893 | D:5      | Found Plog's Vocational Training.
  2032 | D:5      | Gained mutation: You passively map the area around you.
                  | [Meteoran growth]
  2032 | D:5      | Reached XP level 9. HP: 62/62 MP: 18/18
  2044 | D:5      | Became a worshipper of Vehumet
  2316 | D:6      | Reached skill level 6 in Spellcasting
  2498 | D:6      | Reached skill level 1 in Fighting
  2629 | D:6      | Reached * piety under Vehumet
  2629 | D:6      | Offered knowledge of Sandblast by Vehumet.
  2921 | D:6      | Found an opulent altar of Gozag.
  2923 | D:6      | Found a burning altar of Makhleb.
  3077 | D:7      | Noticed a two-headed ogre
  3078 | D:7      | Reached skill level 7 in Spellcasting
  3080 | D:7      | Noticed a four-headed hydra
  3086 | D:6      | Killed a two-headed ogre
  3087 | D:6      | Reached skill level 8 in Spellcasting
  3087 | D:6      | Reached XP level 10. HP: 40/73 MP: 14/23
  3103 | D:7      | Found an iron altar of Okawaru.
  3130 | D:7      | Noticed Menkaure
  3135 | D:7      | Killed Menkaure
  3220 | D:7      | Reached skill level 9 in Spellcasting
  3336 | D:7      | Noticed Prince Ribbit
  3341 | D:7      | Killed Prince Ribbit
  3396 | D:7      | Found a stormy altar of Qazlal.
  3437 | D:7      | Reached skill level 10 in Spellcasting
  3442 | D:7      | Reached ** piety under Vehumet
  3442 | D:7      | Offered knowledge of Poisonous Vapours by Vehumet.
  3560 | D:7      | Killed a four-headed hydra
  3561 | D:7      | Reached XP level 11. HP: 53/80 MP: 26/26
  3701 | D:8      | Reached skill level 11 in Spellcasting
  3798 | D:8      | Noticed a death yak
  3904 | D:8      | Learned a level 2 spell: Poisonous Vapours
  3940 | D:8      | Noticed a death yak
  3940 | D:8      | Noticed a death yak
  3950 | D:8      | Killed a death yak
  3950 | D:8      | Killed a death yak
  3951 | D:8      | Reached skill level 10 in Fire Magic
  3958 | D:8      | Killed a death yak
  3959 | D:8      | Reached skill level 12 in Spellcasting
  3961 | D:8      | Offered knowledge of Frozen Ramparts by Vehumet.
  3965 | D:8      | Found a staircase to the Lair.
  4003 | D:8      | Learned a level 3 spell: Frozen Ramparts
  4130 | D:8      | Identified the amulet of the Good {RegenMP rN+ Str+4}
  4138 | D:8      | Noticed a boulder beetle
  4377 | D:9      | Gained mutation: You are agile. (Dex +4, Str/Int -1)
                  | [potion of mutation]
  4409 | D:9      | Paralysed by a hornet for 2 turns
  4412 | D:9      | Mangled by an orc warrior

Illustrated notes

Levels and vault maps discovered:
D:1:      evilmike_arrival_plus, layout_loops_ring, serial_shops, shop,
          chequers_serial_rivers_room_a, minmay_worlds_worst_comb
D:2:      layout_rooms, minivault_4, grunt_ministairs_2
D:3:      layout_loops_cross, led_xom_imps, serial_shops, shop,
          basic_ecumenical_altar, serial_glass, glass_columns_c,
          glass_columns_a, glass_columns_a, glass_columns_c, glass_columns_b,
          glass_columns_b, glass_columns_b, glass_columns_b, glass_columns_b,
          glass_columns_a, minmay_gold_behind_fungi, uniq_sigmund
D:4:      layout_basic, nicolae_hepliaklqana_hazy_memory, serial_shops,
          nicolae_diamond_shop, minmay_ruined_shrine
D:5:      layout_basic, mainiacjoe_overflow_alcove_1,
          gammafunk_temple_overflow_pools, kennysheep_mini,
          nicolae_shop_vocational
D:6:      layout_loops_corners, nicolae_overflow_squiral,
          lightli_sewer_entry_pipes
D:7:      layout_loops_ring, mainiacjoe_overflow_six_doors_small,
          kennysheep_mini_moat, minmay_temple_entry_nine_rooms, st_stairs_7,
          nicolae_hexahallways, minmay_manual_mess, uniq_menkaure,
          uniq_prince_ribbit1
D:8:      minmay_slanted_spiral_squares, layout_layer_cave, dpeg_lair_monsters,
          grunt_decor_one_mirror, minmay_misc_feat_roman
D:9:      layout_roguey, orc_0_dummy, gammafunk_ghost_cemetery

Skill      XL: |  1  2  3  4  5  6  7  8  9 10 11 |
---------------+----------------------------------+-----
Fire Magic     | 4 6 7 9 10 | 10.5
Air Magic      | 2 3 4 |  4.3
Evocations     | 1 3 |  3.9
Staves         | 3 |  3.8
Necromancy     | 3 |  3.0
Conjurations   | 4 5 6 7 8 |  8.3
Spellcasting   | 3 5 8 10 12 | 12.2
Dodging        | 3 4 |  4.8
Fighting       | 1 2 |  2.7
Stealth        | |  1.4

Action                   |  1- 3 |  4- 6 |  7- 9 | 10-12 || total
-------------------------+-------+-------+-------+-------++-------
Melee: Staff             |       |    13 |    13 |    14 ||    40
       Punch             |       |       |       |     2 ||     2
 Cast: Foxfire           |    22 |    22 |    65 |    36 ||   145
       Shock             |     2 |       |    18 |    13 ||    33
       Scorch            |     3 |    18 |    41 |    40 ||   102
       Flame Wave        |       |     1 |    11 |    12 ||    24
       Poisonous Vapours |       |       |       |     6 ||     6
       Frozen Ramparts   |       |       |       |     4 ||     4
Evoke: Wand              |       |       |       |    10 ||    10
  Use: Scroll            |     4 |     1 |     5 |     6 ||    16
       Potion            |       |     2 |       |     1 ||     3
Armor: Robe              |     3 |    10 |    21 |    14 ||    48
Dodge: Dodged            |     5 |    12 |    28 |    46 ||    91
